AoeStats
← Jassassinator

Arena

508787197Analyzed
2v2 RM · 7d ago on Sep 24, 2026· 52m 33s· 4 players
Game mode
Random Map
Map size
Medium (4 player)
Population
200
Speed
Normal
Resources
Standard
Victory
Conquest
Starting age
Dark Age
Ending age
Imperial Age
RankedLock teamsTeams togetherTeam positionsShared explorationLock speedFull tech treeHidden civsTurbo modeCheats
Victory
Defeat
🇦🇺 Dravidians · Australia
645
+19
🇺🇸 Japanese · United States
574
+22
🇦🇷 Turks · Argentina
714
-21
🇦🇷 Poles · Argentina
707
-20
Vatiking
5:41 Loom
6:22 Loom
9:54 Feudal Age
11:10 Wheelbarrow
10:22 Double-Bit Axe
13:06 Horse Collar
19:27 Castle Age
18:17 Gold Mining
20:27 Hand Cart
24:52 Bow Saw
26:47 Masonry
27:23 Ballistics
29:31 Heavy Plow
32:34 Scale Mail Armor
32:46 Scale Barding Armor
38:58 Forging
41:12 Arson
41:27 Squires
42:06 Iron Casting
45:52 Imperial Age
43:45 Chain Barding Armor
43:44 Scale Mail Armor
43:32 Gambesons
46:25 Medical Corps
47:39 Blast Furnace
46:55 Chain Mail Armor
46:09 Elite Urumi Swordsman
48:18 Conscription
47:32 Siege Elephant
49:32 Husbandry
Jassassinator
0:28 Loom
13:53 Feudal Age
14:32 Double-Bit Axe
18:24 Stone Mining
18:29 Gold Mining
19:56 Wheelbarrow
19:06 Horse Collar
22:33 Castle Age
24:05 Gold Shaft Mining
23:43 Bow Saw
24:53 Heavy Plow
25:02 Caravan
26:18 Hand Cart
27:19 Forging
29:12 Fervor
32:10 Imperial Age
31:30 Pikeman
32:24 Scale Mail Armor
32:26 Gambesons
32:41 Squires
32:27 Arson
32:32 Elite Samurai
33:34 Conscription
36:58 Kataparuto
36:05 Crossbowman
37:13 Parthian Tactics
39:48 Conscription
39:02 Arbalester
41:58 Iron Casting
41:38 Chain Mail Armor
42:29 Chemistry
41:12 Treadmill Crane
45:17 Blast Furnace
44:48 Plate Mail Armor
45:03 Thumb Ring
pagetmelina016
2:16 Loom
13:38 Feudal Age
15:05 Wheelbarrow
14:14 Horse Collar
14:23 Double-Bit Axe
14:33 Stone Mining
14:35 Gold Mining
22:26 Castle Age
23:42 Hand Cart
23:30 Heavy Plow
23:43 Bow Saw
23:54 Caravan
24:42 Stone Shaft Mining
24:24 Light Cavalry
25:17 Bloodlines
25:11 Husbandry
25:40 Pikeman
28:49 Coinage
28:54 Forging
28:51 Scale Barding Armor
28:46 Scale Mail Armor
28:38 Fletching
28:49 Padded Archer Armor
30:41 Szlachta Privileges
34:49 Ballistics
34:25 Murder Holes
34:10 Treadmill Crane
34:20 Elite Skirmisher
35:06 Thumb Ring
36:34 Bodkin Arrow
36:55 Leather Archer Armor
37:19 Iron Casting
38:17 Squires
39:30 Chain Barding Armor
42:35 Imperial Age
41:02 Chain Mail Armor
41:32 Arson
45:06 Banking
47:16 Blast Furnace
47:55 Chemistry
49:28 Siege Engineers
benjaminmarquinez
15:05 Feudal Age
19:45 Castle Age
18:07 Horse Collar
18:17 Double-Bit Axe
19:37 Scale Barding Armor
19:33 Scale Mail Armor
19:34 Padded Archer Armor
19:25 Fletching
20:18 Forging
27:24 Loom
28:15 Wheelbarrow
27:27 Town Watch
39:26 Imperial Age
40:35 Heavy Camel Rider
41:17 Husbandry
41:29 Bloodlines
40:44 Elite Janissary
Connection lost

Rejoining the realm…

Still unreachable

The connection could not be restored.

Session expired

The server has moved on; the page needs a fresh start.